 Dungeon Crawl Stone Soup version 0.22-a0-608-g8a62e23 (webtiles) character file.

666 corax the Charmwright (level 7, -3/56 HPs)
             Began as a Gnoll Skald on July 9, 2018.
             Was a Follower of Okawaru.
             Slain by an iguana (11 damage)
             ... on level 6 of the Dungeon.
             The game lasted 00:13:41 (4140 turns).

corax the Charmwright (Gnoll Skald)                 Turns: 4140, Time: 00:13:42

Health: -3/56      AC:  7    Str: 14    XL:     7   Next: 57%
Magic:  7/15       EV: 14    Int: 17    God:    Okawaru [*.....]
Gold:   213        SH:  0    Dex: 14    Spells: 15/17 levels left

rFire    . . .     SeeInvis .   a - +0 long sword
rCold    . . .     Gourm    .   (no shield)
rNeg     . . .     Faith    .   b - +0 leather armour
rPois    .         Spirit   .   (no helmet)
rElec    .         Reflect  .   h - +0 cloak
rCorr    .         Harm     .   i - +2 pair of gloves
MR       .....                  (no boots)
Stlth    +.........             r - amulet of regeneration
HPRegen  0.58/turn              p - ring of loudness (curse)
MPRegen  0.14/turn              (no ring)

@: infused
A: distributed training, fangs 1, strong nose
a: Heroism, Renounce Religion


You were on level 6 of the Dungeon.
You worshipped Okawaru.
Okawaru was aware of your devotion.
You were very hungry.

You visited 2 branches of the dungeon, and saw 7 of its levels.

You collected 213 gold pieces.

Inventory:

Hand Weapons
 a - a +0 long sword (weapon)
Armour
 b - a +0 leather armour (worn)
 h - a +0 cloak (worn)
 i - a +2 pair of gloves (worn)
Jewellery
 f - an uncursed ring of poison resistance
 p - a cursed ring of loudness (left hand)
 r - an amulet of regeneration (around neck)
Wands
 g - a wand of random effects (21)
 q - a wand of digging (14)
Scrolls
 k - a scroll of fear
 o - 4 scrolls of magic mapping
 s - a scroll of amnesia {unknown}
 t - a scroll of teleportation {unknown}
Potions
 c - a potion of might
 e - 2 potions of heal wounds
 j - a potion of flight
 l - 2 potions of invisibility
 m - a potion of haste {unknown}
 n - a potion of magic {unknown}
Comestibles
 d - 9 rations


   Skills:
 + Level 5.2 Fighting
 + Level 2.5 Short Blades
 + Level 5.2 Long Blades
 + Level 2.5 Axes
 + Level 2.5 Maces & Flails
 + Level 2.5 Polearms
 + Level 2.5 Staves
 + Level 2.5 Slings
 + Level 2.5 Bows
 + Level 2.5 Crossbows
 + Level 2.5 Throwing
 + Level 3.6 Armour
 + Level 5.2 Dodging
 + Level 2.5 Stealth
 + Level 2.5 Shields
 + Level 2.5 Unarmed Combat
 + Level 5.6 Spellcasting
 + Level 2.0 Conjurations
 + Level 2.0 Hexes
 + Level 5.8 Charms
 + Level 2.0 Summonings
 + Level 2.0 Necromancy
 + Level 2.0 Translocations
 + Level 2.0 Transmutations
 + Level 2.0 Fire Magic
 + Level 2.0 Ice Magic
 + Level 2.0 Air Magic
 + Level 2.0 Earth Magic
 + Level 2.0 Poison Magic
 + Level 2.8 Invocations
 + Level 2.5 Evocations


You had 15 spell levels left.
You knew the following spells:

 Your Spells              Type           Power        Failure   Level  Hunger
a - Infusion              Chrm           ###.         1%          1    None
b - Confusing Touch       Hex            ##....       7%          1    None

Your spell library contained the following spells:

 Spells                   Type           Power        Failure   Level  Hunger
 Confuse                  Hex            ##......     22%         3    ##.....
 Regeneration             Chrm/Necr      ###.......   10%         3    ##.....
 Metabolic Englaciation   Hex/Ice        ##........   89%         5    ######.
 Petrify                  Tmut/Erth      ##......     56%         4    ####...
 Shroud of Golubria       Chrm/Tloc      ###.......   4%          2    #......
 Song of Slaying          Chrm           ###.....     2%          2    #......
 Spectral Weapon          Hex/Chrm       ###.....     10%         3    ##.....
 Gell's Gravitas          Tloc           ##........   22%         3    ##.....
 Yara's Violent Unravell  Hex/Tmut       ##........   89%         5    ######.


Dungeon Overview and Level Annotations

Branches:
Dungeon (6/15)             Temple (1/1) D:4

Altars:
Ashenzari
Cheibriados
Dithmenos
Elyvilon
Hepliaklqana
Kikubaaqudgha
Makhleb
Nemelex Xobeh
Okawaru
Qazlal
Ru
Sif Muna
Trog
Uskayaw
Wu Jian
Xom
Yredelemnul
Zin
The Shining One

Annotations:
D:6 Grinder


Innate Abilities, Weirdness & Mutations

Your experience applies equally to all skills.
You have very sharp teeth.
Your uncanny sense of smell can sniff out nearby items.


Message History

You kill the gnoll!
Okawaru accepts your kill.
You hit the iguana. Your bite misses the iguana.
The iguana is lightly wounded.
The iguana bites you.
Grinder blinks!
The iguana bites you!
You closely miss the iguana.
The iguana is lightly wounded.
Grinder gestures at you.
You suddenly lose the ability to move!
The iguana bites you. The iguana bites you!
* * * LOW HITPOINT WARNING * * *
Grinder hits you.
* * * LOW HITPOINT WARNING * * *
You writhe in agony.
* * * LOW HITPOINT WARNING * * *
You can move again.
You barely miss the iguana.
The iguana is lightly wounded.
The iguana bites you!
You die...

........................
#......................g.
#........(............#
#...................####.
#........................
#............#...........
#............#...........
#............##l#........
#............##@#........
#......#.....##5#........
######.#.....##.#........
#.#.....##.#........
#.########.########
#.########.# #.......##.#
#######.##.# #.#


You could see Grinder and an iguana.

Vanquished Creatures
  An ogre (D:6)
  A centaur (D:5)
  A bullfrog zombie (D:5)
  An orc priest (D:3)
  Crazy Yiuf (D:5)
  4 orc wizards
  A worker ant (D:4)
  3 gnolls (D:6)
  13 adders
  A shadow imp (D:5)
  An ooze (D:1)
  An adder skeleton (D:4)
  3 worms
  A dart slug (D:4)
  A leopard gecko (D:2)
  14 orcs
  3 ball pythons
  7 bats
  2 giant cockroaches
  14 goblins
  5 hobgoblins
  12 jackals
  3 quokkas (D:4)
  4 frilled lizards
  7 kobolds
  10 rats
115 creatures vanquished.

Notes
Turn   | Place    | Note
-------+----------+-------------------------------------------
     0 | D:1      | corax the Gnoll Skald began the quest for the Orb.
     0 | D:1      | Reached XP level 1. HP: 20/20 MP: 6/6
   219 | D:1      | Reached XP level 2. HP: 22/26 MP: 7/7
   502 | D:1      | Reached XP level 3. HP: 31/31 MP: 9/9
   572 | D:1      | Reached skill level 5 in Spellcasting
   877 | D:2      | Found an ancient bone altar of Kikubaaqudgha.
   912 | D:2      | Reached skill level 1 in Invocations
  1072 | D:2      | Reached skill level 1 in Short Blades
  1072 | D:2      | Reached skill level 1 in Axes
  1072 | D:2      | Reached skill level 1 in Maces & Flails
  1072 | D:2      | Reached skill level 1 in Polearms
  1072 | D:2      | Reached skill level 1 in Staves
  1072 | D:2      | Reached skill level 1 in Slings
  1072 | D:2      | Reached skill level 1 in Bows
  1072 | D:2      | Reached skill level 1 in Crossbows
  1072 | D:2      | Reached skill level 1 in Throwing
  1072 | D:2      | Reached skill level 1 in Stealth
  1072 | D:2      | Reached skill level 1 in Shields
  1072 | D:2      | Reached skill level 1 in Unarmed Combat
  1072 | D:2      | Reached skill level 1 in Evocations
  1072 | D:2      | Reached XP level 4. HP: 38/38 MP: 11/11
  1340 | D:2      | Found a snail-covered altar of Cheibriados.
  1784 | D:3      | Reached skill level 1 in Conjurations
  1784 | D:3      | Reached skill level 1 in Hexes
  1784 | D:3      | Reached skill level 1 in Summonings
  1784 | D:3      | Reached skill level 1 in Necromancy
  1784 | D:3      | Reached skill level 1 in Translocations
  1784 | D:3      | Reached skill level 1 in Transmutations
  1784 | D:3      | Reached skill level 1 in Fire Magic
  1784 | D:3      | Reached skill level 1 in Ice Magic
  1784 | D:3      | Reached skill level 1 in Air Magic
  1784 | D:3      | Reached skill level 1 in Earth Magic
  1784 | D:3      | Reached skill level 1 in Poison Magic
  1913 | D:3      | Reached XP level 5. HP: 25/43 MP: 12/12
  2487 | D:4      | Found a staircase to the Ecumenical Temple.
  2513 | Temple   | Entered the Ecumenical Temple
  2530 | Temple   | Became a worshipper of Warmaster Okawaru
  2694 | D:4      | Reached XP level 6. HP: 50/50 MP: 13/13
  3109 | D:4      | Learned a level 1 spell: Confusing Touch
  3227 | D:4      | Reached skill level 5 in Fighting
  3227 | D:4      | Reached skill level 5 in Long Blades
  3227 | D:4      | Reached skill level 5 in Dodging
  3648 | D:5      | Entered Level 5 of the Dungeon
  3681 | D:5      | Reached XP level 7. HP: 55/56 MP: 15/15
  3682 | D:5      | Found a sparkling altar of Nemelex Xobeh.
  3757 | D:5      | Found a runed door.
  3841 | D:5      | Reached * piety under Okawaru
  4025 | D:5      | Noticed Crazy Yiuf
  4035 | D:5      | Killed Crazy Yiuf
  4126 | D:6      | Noticed Grinder
  4138 | D:6      | Paralysed by Grinder for 2 turns
  4140 | D:6      | Slain by an iguana

Vault maps used:
D:1:      lightli_iron_boxes
D:2:      lemuel_crystal_altar, kiku_gazebo_garden_becter,
          minmay_misc_feat_roman
D:3:      nicolae_overflow_hidden_temple
D:4:      minmay_temple_entry_mist, grunt_decor_mini_mirrors
D:5:      nemelex_xobeh_ov_fountains_minmay, first_ration,
          uniq_crazy_yiuf_cottage
D:6:      kennysheep_mini, nicolae_gozag_seed_capital, gup_sewer_entry_spiral,
          uniq_grinder
Temple:   nicolae_temple_elliptical

Skill      XL: |  1  2  3  4  5  6  7 |
---------------+----------------------+-----
Spellcasting   | 5 |  5.6
Invocations    | 1 2 |  2.8
Short Blades   | 1 2 |  2.5
Axes           | 1 2 |  2.5
Maces & Flails | 1 2 |  2.5
Polearms       | 1 2 |  2.5
Staves         | 1 2 |  2.5
Slings         | 1 2 |  2.5
Bows           | 1 2 |  2.5
Crossbows      | 1 2 |  2.5
Throwing       | 1 2 |  2.5
Stealth        | 1 2 |  2.5
Shields        | 1 2 |  2.5
Unarmed Combat | 1 2 |  2.5
Evocations     | 1 2 |  2.5
Conjurations   | 1 2 |  2.0
Hexes          | 1 2 |  2.0
Summonings     | 1 2 |  2.0
Necromancy     | 1 2 |  2.0
Translocations | 1 2 |  2.0
Transmutations | 1 2 |  2.0
Fire Magic     | 1 2 |  2.0
Ice Magic      | 1 2 |  2.0
Air Magic      | 1 2 |  2.0
Earth Magic    | 1 2 |  2.0
Poison Magic   | 1 2 |  2.0
Armour         | 3 |  3.6
Fighting       | 5 |  5.2
Long Blades    | 5 |  5.2
Dodging        | 5 |  5.2
Charms         | |  5.8

Action                   |  1- 3 |  4- 6 |  7- 9 || total
-------------------------+-------+-------+-------++-------
Melee: Falchion          |    97 |   292 |       ||   389
       Bite              |     7 |    41 |     5 ||    53
       Punch             |       |     3 |     3 ||     6
       Long sword        |       |       |    51 ||    51
 Cast: Infusion          |     1 |     4 |     3 ||     8
       Confusing Touch   |       |     2 |       ||     2
  Use: Scroll            |       |     7 |     1 ||     8
 Stab: Sleeping          |     1 |     3 |       ||     4
  Eat: Chunk             |       |     9 |     1 ||    10
Armor: Leather armour    |    18 |    89 |     8 ||   115
Dodge: Dodged            |    77 |   224 |    32 ||   333
       Rpst.: Falchion   |    29 |    59 |       ||    88
       Long sword        |       |       |    12 ||    12

Table legend:
 A = Spawn XP
 B = Non-spawn XP
 C = Spawn XP percentage of total XP
 D = Spawn monster count
 E = Non-spawn monster count
 F = Spawn count percentage of total count
 G = Total turns spent on level
                    A         B        C        D         E        F      G
               +---------+---------+-------+---------+---------+-------+---------
         Total |       0 |     952 |   0.0 |       0 |     115 |   0.0 |  4140
               +---------+---------+-------+---------+---------+-------+---------
           D:1 |       0 |      39 |   0.0 |       0 |      18 |   0.0 |   635
           D:2 |       0 |      78 |   0.0 |       0 |      25 |   0.0 |  1131
           D:3 |       0 |     187 |   0.0 |       0 |      32 |   0.0 |   720
           D:4 |       0 |     233 |   0.0 |       0 |      24 |   0.0 |  1000
           D:5 |       0 |     238 |   0.0 |       0 |      11 |   0.0 |   426
           D:6 |       0 |     177 |   0.0 |       0 |       5 |   0.0 |    66
               +---------+---------+-------+---------+---------+-------+---------
